 Dungeon Crawl Stone Soup version 0.30-a0-1050-g2766ea1e55 (webtiles) character file.

Game seed: 1200814962799041564

21765 Arcadio the Reanimator (level 12, -4/87 HPs)
             Began as a Ghoul Necromancer on Apr 10, 2023.
             Was an Elder of Hepliaklqana.
             Slain by a naga
             ... wielding a +0 war axe
              (18 damage)
             ... on level 3 of the Lair of Beasts.
             The game lasted 00:54:24 (16471 turns).

Arcadio the Reanimator (Ghoul Necromancer)         Turns: 16471, Time: 00:54:25

Health: -4/87      AC:  4    Str: 13    XL:     12   Next: 93%
Magic:  33/33      EV: 12    Int: 14    God:    Hepliaklqana [****..]
Gold:   430        SH:  5    Dex:  9    Spells: 5/30 levels left

rFire   . . .      SeeInvis +    t - -1 demon whip (venom)
rCold   + . .      Faith    .    (no shield)
rNeg    + + +      Spirit   .    M - +0 robe {Archmagi}
rPois   ∞          Reflect  +    e - +0 hat {SInv}
rElec   .          Rampage  .    (no cloak)
rCorr   .          Archmagi +    F - +0 pair of gloves
Will    +....                    s - +0 pair of boots
Stlth   ++                       d - amulet of reflection
HPRegen 0.00/turn                N - ring of magical power
MPRegen 0.23/turn                u - ring of willpower

@: inhibited regen, constricted
A: reduced essence, claws 1, cold resistance 1, negative energy resistance 3,
inhibited regeneration, torment resistance 2, devour on kill
a: Renounce Religion, Recall Ancestor, Ancestor Identity, Transference, Idealise


You were on level 3 of the Lair of Beasts.
You worshipped Hepliaklqana.
Hepliaklqana was greatly pleased with you.
You visited 3 branches of the dungeon, and saw 14 of its levels.
You also visited: Volcano.

You collected 838 gold pieces.
You spent 408 gold pieces at shops.

Inventory:

Hand Weapons
 m - a +1 flail of draining
 r - a +2 whip of draining
 t - a -1 demon whip of venom (weapon)
 v - a +3 longbow of flaming
 I - a +0 flail of distortion
 L - a +3 scimitar of flaming
 P - a +0 war axe of protection
 S - the +6 halberd "Hiecaixu" {antimagic, rElec}
   (You bought it in a shop on level 4 of the Dungeon)

   rElec:     It insulates you from electricity.
Armour
 e - a +0 hat of see invisible (worn)
 s - a +0 pair of boots (worn)
 F - a +0 pair of gloves (worn)
 M - a +0 robe of the Archmagi (worn)
 R - the scarf of Claustrophobia {shadows, rElec rCorr MP+9 Int-5}
   (You bought it in a shop on level 5 of the Dungeon)

   Int:       It affects your intelligence (-5).
   rElec:     It insulates you from electricity.
   MP:        It affects your magic capacity (+9).
   rCorr:     It protects you from acid and corrosion.
Jewellery
 d - an amulet of reflection (around neck)
 i - an amulet of regeneration
 k - a +6 ring of dexterity
 u - a ring of willpower (right hand)
 x - an amulet of the acrobat
 N - a ring of magical power (left hand)
Wands
 A - a wand of acid (3)
 G - a wand of roots (6)
 J - a wand of flame (26)
Scrolls
 c - 2 scrolls of silence
 f - 3 scrolls of fog {unknown}
 g - a scroll of enchant weapon {unknown}
 h - a scroll of enchant armour {unknown}
 j - 5 scrolls of poison
 n - 3 scrolls of fear {unknown}
 q - 2 scrolls of teleportation
 y - 2 scrolls of amnesia {unknown}
 z - 2 scrolls of blinking {unknown}
 E - 4 scrolls of vulnerability
 O - 3 scrolls of brand weapon
Potions
 a - 4 potions of flight
 b - 4 potions of magic
 l - 3 potions of curing
 o - 3 potions of haste
 w - 2 potions of might
 B - a potion of mutation {unknown}
 C - 2 potions of brilliance
 H - a potion of cancellation {unknown}
 K - 2 potions of resistance
Miscellaneous
 Q - a piece from Xom's chessboard (15/15)


   Skills:
 + Level 6.7 Fighting
 + Level 10.7 Dodging
 - Level 2.1 Stealth
 + Level 9.9 Spellcasting
 + Level 13.0 Necromancy


You had 5 spell levels left.
You knew the following spells:

 Your Spells              Type           Power      Damage    Failure   Level
a - Necrotise             Necr           100%       1d9       1%          1
b - Vampiric Draining     Necr           60%        2d10      1%          3
c - Animate Dead          Necr           60%        N/A       1%          4
d - Agony                 Necr           60%        N/A       1%          5
e - Blink                 Tloc           20%        N/A       16%         2
f - Anguish               Hex/Necr       18%        N/A       7%          4
g - Dispel Undead         Necr           60%        3d21      1%          4
h - Cigotuvi's Dreadful   Necr/Pois/Air  56%        N/A       2%          2

Your spell library contained the following spells:

 Spells                   Type           Power      Damage    Failure   Level
 Ensorcelled Hibernation  Hex/Ice        20%        N/A       16%         2
 Lesser Beckoning         Tloc           20%        N/A       16%         2
 Momentum Strike          Conj/Tloc      20%        3d8       16%         2
 Inner Flame              Hex/Fire       10%        N/A       32%         3
 Petrify                  Tmut/Erth      10%        N/A       71%         4
 Metabolic Englaciation   Hex/Ice        5%         N/A       96%         5
 Yara's Violent Unravell  Hex/Tmut       5%         3d4       96%         5
 Death Channel            Necr           30%        N/A       8%          6
 Enfeeble                 Hex            5%         N/A       100%        7
 Malign Gateway           Summ/Tloc      5%         N/A       100%        7
 Summon Horrible Things   Summ           5%         N/A       100%        8
 Spider Form              Tmut/Pois      Unusable   N/A       N/A         3
 Statue Form              Tmut/Erth      Unusable   N/A       N/A         6

Dungeon Overview and Level Annotations

Branches:
Dungeon (10/15) Zot: 25784  Temple (1/1) D:4 Zot: 5722    Lair (3/5) D:10 Zot: 13730
  Snake (0/4) Lair:3      Volcano (visited)
  Swamp: Lair:2-3    Shoals: Lair:2-3       Orc: D:9-12

Altars:
Ashenzari
Cheibriados
Dithmenos
Fedhas
Gozag
Hepliaklqana
Kikubaaqudgha
Makhleb
Nemelex Xobeh
Okawaru
Qazlal
Ru
Sif Muna
Trog
Uskayaw
Vehumet
Wu Jian
Xom
Yredelemnul

Shops:
D:4 (   D:5 [

Annotations:
D:3 Sigmund
D:9 Pikel
D:10 1 runed translucent door, Kebab's ghost, journeyman VSEn


Innate Abilities, Weirdness & Mutations

Your life essence is reduced to manifest your ancestor. (-10% HP)
You are immune to poison.
You have sharp fingernails.
Your flesh is cold resistant. (rC+)
You are immune to negative energy. (rN+++)
You do not regenerate when monsters are visible.
You are immune to unholy pain and torment.
You thrive by killing the living.


Message History

The naga hits you with a +0 short sword!
You barely miss the naga.
The naga is lightly wounded.
Your wolf zombie closely misses the naga.
A blink frog comes into view.
The blink frog blinks!
Your wolf zombie bites the komodo dragon but does no damage.
The naga hits your wolf zombie with a +0 war axe!!
Your wolf zombie is destroyed!
Your wolf zombie bites the komodo dragon.
The blink frog blinks!
The komodo dragon barely misses your wolf zombie.
The naga completely misses you. The naga constricts you.
The naga hits you with a +0 short sword!
* * * LOW HITPOINT WARNING * * *
Your wolf zombie bites the komodo dragon but does no damage.
The komodo dragon bites your wolf zombie.
Okay, then.
Okay, then.
Okay, then.
The naga's grasp on you weakens, but your attempt to escape fails.
A cane toad comes into view.
The naga closely misses you. The naga constricts you.
* * * LOW HITPOINT WARNING * * *
A blink frog comes into view.
Your wolf zombie bites the komodo dragon.
Your wolf zombie closely misses the naga.
The naga spits poison at you. The splash of poison misses you.
The komodo dragon completely misses your wolf zombie.
Jean-Croute hits the komodo dragon with a +0 quarterstaff!
The cane toad moves out of view.
You feel better.
The blink frog croaks.
Your wolf zombie bites the komodo dragon.
Your wolf zombie bites the naga.
The naga closely misses you. The naga constricts you.
* * * LOW HITPOINT WARNING * * *
The naga hits you with a +0 war axe!!
You die...

.................## #.#
..................# ##.#
#.P#..............###...
...................###.Z
...........##.#........#
##...###!.#####.........
...F...#..## #.........
.......#.Z.# #..........
.F.F..N@ZZ## ##.........
...>.FNNZR# #......##P.
.........l# #......####.
.......#..# ##.....# #.
.......#..# #..
##...###..# ... #..P
..!. .. ##.. ....


You could see the friendly Jean-Croute the battlemage, a komodo dragon
(distracted, ally target), 4 blink frogs, 3 nagas, 3 friendly wolf zombies and a
friendly skyshark zombie.

Vanquished Creatures
  Gastronok (Lair:2)
  Erica (D:8)
  A skyshark (Lair:3)
  A salamander mystic (Volcano)
  An elephant (Lair:2)
  A kobold demonologist (D:10)
  2 komodo dragons
  2 blink frogs (Lair:1)
  A wraith (D:10)
  4 yaks
  2 basilisks (Lair:2)
  3 steam dragons
  A water moccasin (D:7)
  2 ice beasts
  4 orc warriors
  4 black bears
  2 wolves
  2 centaurs
  A phantom (D:6)
  6 bullfrogs
  A kobold brigand (D:7)
  4 scorpions
  7 killer bees
  3 howler monkeys
  5 hounds
  2 jellies (D:6)
  2 orc priests
  3 sleepcaps
  2 iguanas
  7 orc wizards
  3 adders
  4 gnolls
  2 white imps
  3 dart slugs
  36 orcs
  7 ball pythons
  8 endoplasms
  6 giant cockroaches
  6 goblins
  3 hobgoblins
  2 quokkas
  8 bats
  2 frilled lizards (D:1)
  A jackal zombie (D:9)
  15 kobolds
  8 rats
192 creatures vanquished.

Vanquished Creatures (collateral kills)
  Nessos (Lair:3)
  A hydra (Lair:2)
  Amaemon (Lair:2)
  A salamander (Volcano)
  2 elephants (Lair:2)
  An orange demon (Lair:2)
  A torpor snail (Lair:3)
  4 cane toads
  A rime drake (Lair:1)
  2 komodo dragons (Lair:2)
  A polar bear (Lair:3)
  3 blink frogs (Lair:1)
  A wraith (D:8)
  12 yaks
  2 wyverns
  A human (D:9)
  2 basilisks
  A steam dragon (D:8)
  6 water moccasins
  2 sky beasts
  An orc warrior (D:8)
  A centaur (D:10)
  An ogre (D:6)
  10 wolves
  2 phantoms
  A kobold brigand (D:7)
  7 bullfrogs
  A gnoll sergeant (D:8)
  2 scorpions
  A wight (D:8)
  2 killer bees
  A spriggan skeleton (D:9)
  A crimson imp (D:8)
  A hound (D:7)
  An orc priest (D:8)
  3 iguanas
  A human skeleton (D:9)
  2 sleepcaps
  4 orc wizards
  An adder (D:5)
  3 gnolls (D:8)
  3 white imps
  An ufetubus (D:6)
  A worm (D:2)
  16 orcs
  A ball python (D:4)
  A hobgoblin (D:4)
  4 kobolds
120 creatures vanquished.

Vanquished Creatures (others)
  A hydra (Lair:2)
  A sky beast (D:8)
  A human (D:10)
  3 yak zombies (Lair:2)
  8 wolf zombies
  8 battlemagi
  A sky beast zombie (D:8)
  3 ancestors
  2 gnoll zombies (D:8)
  2 kobold zombies (D:7)
  6 orc zombies
  33 fungi
  27 plants
96 creatures vanquished.

Grand Total: 408 creatures vanquished

Notes
Turn   | Place    | Note
-------+----------+-------------------------------------------
     0 | D:1      | Arcadio the Ghoul Necromancer began the quest for the Orb.
     0 | D:1      | Reached XP level 1. HP: 14/14 MP: 2/2
   244 | D:1      | Reached XP level 2. HP: 10/22 MP: 0/3
   751 | D:1      | Reached skill level 1 in Fighting
   964 | D:2      | Reached XP level 3. HP: 28/28 MP: 1/5
   968 | D:2      | Learned a level 3 spell: Vampiric Draining
  1164 | D:2      | Reached XP level 4. HP: 21/35 MP: 4/6
  1691 | D:2      | Found a snail-covered altar of Cheibriados.
  2173 | D:2      | Reached skill level 5 in Necromancy
  2173 | D:2      | Reached XP level 5. HP: 35/41 MP: 0/7
  2396 | D:3      | Noticed Sigmund
  2656 | D:3      | Found an iron altar of Okawaru.
  2751 | D:3      | Found a hazy altar of Hepliaklqana.
  2790 | D:3      | Became a worshipper of Hepliaklqana the Forgotten
  3074 | D:3      | Reached XP level 6. HP: 50/50 MP: 9/9
  3615 | D:4      | Found Kunom's Antique Weapon Shop.
  3760 | D:4      | Found a staircase to the Ecumenical Temple.
  3770 | Temple   | Entered the Ecumenical Temple
  4144 | D:4      | Noticed a black bear
  4201 | D:4      | Learned a level 4 spell: Animate Dead
  4257 | D:4      | Reached * piety under Hepliaklqana
  4386 | D:4      | Reached skill level 6 in Necromancy
  4386 | D:4      | Reached XP level 7. HP: 41/51 MP: 8/10
  4892 | D:5      | Entered Level 5 of the Dungeon
  5104 | D:5      | Found Nunankih's Antique Armour Boutique.
  5220 | D:5      | Reached XP level 8. HP: 54/59 MP: 12/12
  5282 | D:5      | Reached skill level 7 in Necromancy
  5349 | D:5      | Found a sacrificial altar of Ru.
  5402 | D:5      | Found a hide-covered altar of Uskayaw.
  5898 | D:6      | Found a burning altar of Makhleb.
  5940 | D:6      | Identified the +6 chain mail of Unreason {Rampage Int-4
                  | Dex-4 SInv}
  6077 | D:6      | Reached skill level 5 in Fighting
  6354 | D:6      | Reached skill level 8 in Necromancy
  6354 | D:6      | Reached XP level 9. HP: 59/66 MP: 14/14
  6360 | D:6      | Learned a level 5 spell: Agony
  6363 | D:6      | Learned a level 2 spell: Blink
  6405 | D:6      | Reached skill level 5 in Dodging
  6714 | D:6      | Found a bloodstained altar of Trog.
  6723 | D:6      | Found a shadowy altar of Dithmenos.
  6749 | D:6      | Reached ** piety under Hepliaklqana
  6750 | D:6      | Remembered your ancestor Jean-Croute as a battlemage
  7004 | D:7      | Reached skill level 5 in Spellcasting
  7944 | D:7      | Reached skill level 9 in Necromancy
  8227 | D:8      | You fall into a shaft and drop 1 floor!
  8528 | D:8      | Reached XP level 10. HP: 66/72 MP: 16/18
  9275 | D:8      | Noticed Erica
  9284 | D:8      | Killed Erica
  9728 | D:8      | Reached skill level 10 in Necromancy
  9766 | D:8      | Reached *** piety under Hepliaklqana
 10235 | D:9      | Noticed a two-headed ogre
 10364 | D:9      | Found a runed translucent door.
 10418 | D:9      | Found a basalt altar of Yredelemnul.
 10657 | D:9      | Noticed Pikel
 10875 | D:10     | Entered Level 10 of the Dungeon
 11103 | D:10     | Found a runed translucent door.
 11103 | D:10     | Noticed Kebab's ghost (journeyman VSEn)
 11103 | D:10     | Identified the +7 trident "Osohox" {vamp, Will+ Int+4}
 11122 | D:10     | Noticed a kobold demonologist
 11123 | D:10     | Noticed an orange demon
 11133 | D:10     | Killed a kobold demonologist
 11282 | D:10     | Reached XP level 11. HP: 77/77 MP: 21/21
 11350 | D:10     | Found an ancient bone altar of Kikubaaqudgha.
 11397 | D:10     | Reached **** piety under Hepliaklqana
 11438 | D:10     | Found a staircase to the Lair.
 11851 | D:5      | Bought a faintly humming scarf for 210 gold pieces
 11851 | D:5      | Identified the scarf of Claustrophobia {shadows, rElec
                  | rCorr MP+9 Int-5} (You bought it in a shop on level 5 of
                  | the Dungeon)
 11896 | D:4      | Bought a faintly glowing halberd for 198 gold pieces
 11896 | D:4      | Identified the +6 halberd "Hiecaixu" {antimagic, rElec}
                  | (You bought it in a shop on level 4 of the Dungeon)
 12070 | Lair:1   | Entered Level 1 of the Lair of Beasts
 12126 | Lair:1   | Reached skill level 11 in Necromancy
 12345 | Lair:1   | Found a dark tunnel.
 12350 | Volcano  | Entered a volcano
 12366 | Volcano  | Noticed a salamander mystic
 12378 | Volcano  | Killed a salamander mystic
 12454 | Volcano  | Found a burning altar of Makhleb.
 12455 | Volcano  | Noticed a red draconian
 12459 | Volcano  | Noticed a salamander
 12463 | Volcano  | Killed a salamander
 12465 | Volcano  | Noticed a salamander
 12466 | Volcano  | Noticed a salamander
 12992 | Lair:1   | Learned a level 4 spell: Anguish
 13898 | Lair:2   | Noticed Gastronok
 14198 | Lair:2   | Reached skill level 12 in Necromancy
 14198 | Lair:2   | Reached XP level 12. HP: 46/84 MP: 6/23
 14726 | Lair:2   | Killed Gastronok
 14727 | Lair:2   | Reached skill level 10 in Dodging
 14763 | Lair:2   | Learned a level 4 spell: Dispel Undead
 14766 | Lair:2   | Learned a level 2 spell: Cigotuvi's Dreadful Rot
 14807 | Lair:2   | Noticed a seven-headed hydra
 14814 | Lair:2   | Killed a seven-headed hydra
 14959 | Lair:2   | Noticed an eight-headed hydra
 14968 | Lair:2   | Killed an eight-headed hydra
 15839 | Lair:2   | Noticed Amaemon
 15863 | Lair:2   | Killed Amaemon
 16119 | Lair:3   | Noticed a skyshark
 16131 | Lair:3   | Killed a skyshark
 16278 | Lair:3   | Noticed Nessos
 16286 | Lair:3   | Killed Nessos
 16338 | Lair:3   | Reached skill level 13 in Necromancy
 16463 | Lair:3   | Found a staircase to the Snake Pit.
 16471 | Lair:3   | Slain by a naga

Illustrated notes

Levels and vault maps discovered:
D:1:      dpeg_arrival_chambers_temple_mockup, layout_basic
D:2:      cheibrodos_pilgrimage, layout_basic, basic_altar
D:3:      layout_loops_corners, nicolae_overflow_hidden_temple,
          patterned_corridor, uniq_sigmund
D:4:      kennysheep_big_flooded_room, layout_cave_pods,
          minmay_temple_entry_steel_oval, serial_shops, shop_coins,
          grunt_decor_arrowhead
D:5:      layout_rooms, nicolae_uskayaw_suspiria,
          mainiacjoe_overflow_concentric_impassable, serial_shops,
          kennysheep_little_box
D:6:      layout_loops_cross, mainiacjoe_overflow_swirl, bloody_makhleb,
          grunt_ministairs_3, minmay_quadrilaterals
D:7:      layout_gridville, kennysheep_small_circle
D:8:      minmay_s_stair_smasher, layout_loops_corners, minmay_fire_ice_demons,
          uniq_erica
D:9:      kennysheep_seaside_town, layout_stronghold, dk_yredelemnul_ordeal,
          serial_column_ruins, column_ruins_grid_5, column_ruins_square_small,
          column_ruins_grid_2, column_ruins_open_small, column_ruins_open_tiny,
          column_ruins_open_small, hangedman_tell_no_tales, uniq_pikel
D:10:     layout_big_octagon, tgw_kikubaaqudgha, grunt_lair_entry_orc_guard_hut,
          ebering_ghost_funeral_grove, hellmonk_bongcloud_opening
Temple:   oiseaux_autumnal_temple
Lair:1:   layout_cave_pods, nicolae_volcano_entry_s_turn, serial_bayou_shore_b
Lair:2:   layout_long_grid, grunt_megastairs_4, infiniplex_staircase_pool,
          uniq_gastronok, uniq_amaemon
Lair:3:   layout_chaotic_city, minmay_shoals_entry_centaurs,
          minmay_snake_entry_guardpost_small, minivault_27,
          serial_bayou_shore_b, uniq_nessos

Skill      XL: |  1  2  3  4  5  6  7  8  9 10 11 12 |
---------------+-------------------------------------+-----
Dodging        | 2 3 4 6 8 9 10 | 10.7
Spellcasting   | 2 3 4 6 7 8 9 |  9.9
Fighting       | 1 2 3 4 5 6 |  6.7
Necromancy     | 5 6 8 9 10 12 13 | 13.0
Stealth        | |  2.1

Action                     |  1- 3 |  4- 6 |  7- 9 | 10-12 || total
---------------------------+-------+-------+-------+-------++-------
  Melee: Unarmed           |    29 |       |       |       ||    29
         Dagger            |    21 |    69 |       |       ||    90
         Punch             |     1 |     2 |     4 |     2 ||     9
         Whip              |       |    81 |   306 |   249 ||   636
         Demon whip        |       |       |       |    21 ||    21
   Cast: Necrotise         |    34 |    75 |    30 |    14 ||   153
         Vampiric Draining |       |     2 |    14 |    68 ||    84
         Animate Dead      |       |       |     2 |     5 ||     7
         Agony             |       |       |       |     4 ||     4
         Anguish           |       |       |       |     1 ||     1
 Invoke: Ancestor Identity |       |     1 |       |       ||     1
         Recall Ancestor   |       |       |     1 |     6 ||     7
         Ancestor Life: Ba |       |       |     1 |       ||     1
         Idealise          |       |       |       |     1 ||     1
  Evoke: Wand              |       |       |       |     8 ||     8
    Use: Scroll            |     1 |     1 |     4 |    13 ||    19
         Potion            |       |       |     2 |     2 ||     4
   Stab: Sleeping          |       |     4 |     3 |     2 ||     9
         Distracted        |       |       |     2 |     5 ||     7
 Armour: Robe              |     6 |    15 |    47 |    52 ||   120
  Dodge: Dodged            |    17 |    79 |   209 |   263 ||   568
  Block: Other             |     9 |    31 |    81 |   108 ||   229
         Reflection        |     1 |     1 |     2 |       ||     4

Table legend: (Time is in decaauts)
 A = Elapsed time spent in this place.
 B = Non-inter-level travel time spent in this place.
 C = Inter-level travel time spent in this place.
 D = Time resting spent in this place.
 E = Time spent auto-exploring this place.
 F = Levels seen in this place.
 G = Mean time per level.
                   A        B        C        D        E       F      G
               +--------+--------+--------+--------+--------+-----+--------+
         Total |  16567 |  15727 |    840 |   2341 |  10205 |  15 | 1104.5 |
       Dungeon |  11872 |  11133 |    739 |   1407 |   7248 |  10 | 1187.2 |
        Temple |    278 |    244 |     34 |      0 |    230 |   1 |  278.0 |
          Lair |   4268 |   4203 |     65 |    883 |   2727 |   3 | 1422.7 |
       Volcano |    148 |    148 |      0 |     51 |      0 |   1 |  148.0 |
               +--------+--------+--------+--------+--------+-----+--------+

Top non-repeatable levels by time:
     D:8: 2194 daAuts
  Lair:1: 2185 daAuts
  Lair:2: 1695 daAuts
     D:2: 1530 daAuts
     D:6: 1344 daAuts
     D:7: 1210 daAuts
     D:4: 1195 daAuts
     D:3: 996 daAuts
     D:1: 938 daAuts
    D:10: 911 daAuts
     D:5: 898 daAuts
     D:9: 653 daAuts
  Lair:3: 388 daAuts
  Temple: 278 daAuts
 Volcano: 148 daAuts
